 Dungeon Crawl Stone Soup version 0.25-a0-100-g33052ce (webtiles) character file.

Game seed: 13531447801441493935, levelgen mode: deterministic

70 silenth the Grave Robber (level 4, -3/30 HPs)
             Began as a Vampire Necromancer on Nov 14, 2019.
             Killed from afar by an orc wizard (11 damage)
             ... with a magic dart
             ... on level 2 of the Dungeon.
             The game lasted 00:02:51 (1819 turns).

silenth the Grave Robber (Vampire Necromancer)      Turns: 1819, Time: 00:02:51

Health: -3/30      AC:  2    Str:  7    XL:     4   Next: 4%
Magic:  2/8        EV: 12    Int: 18    God:
Gold:   83         SH:  0    Dex: 14    Spells: 4/9 levels left

rFire    . . .     SeeInvis +   c - +0 dagger
rCold    . . .     Gourm    .   (no shield)
rNeg     . . .     Faith    .   a - +0 robe
rPois    .         Spirit   .   (no helmet)
rElec    .         Reflect  .   (no cloak)
rCorr    .         Harm     .   (no gloves)
MR       .....                  (no boots)
Stlth    ++........             (no amulet)
HPRegen  0.30/turn              (no ring)
MPRegen  0.11/turn              (no ring)

@: regenerating quickly, slowed, very slow
A: no food, fangs 3, see invisible, unbreathing
a: Exsanguinate


You were on level 2 of the Dungeon.
You were alive.

You visited 1 branch of the dungeon, and saw 3 of its levels.

You collected 83 gold pieces.

Inventory:

Hand Weapons
 c - a +0 dagger (weapon)
Armour
 a - a +0 robe (worn)
Scrolls
 f - a scroll of identify {unknown}
Potions
 b - 2 potions of agility {unknown}
 d - a potion of berserk rage {unknown}
 e - a potion of curing {unknown}


   Skills:
 - Level 2.1 Dodging
 - Level 3.0 Stealth
 + Level 3.1 Spellcasting
 + Level 5.3 Necromancy


You had 4 spell levels left.
You knew the following spells:

 Your Spells              Type           Power        Failure   Level  Hunger
a - Pain                  Necr           ###.         1%          1    N/A
b - Animate Skeleton      Necr           N/A          1%          1    N/A
c - Vampiric Draining     Necr           ###.......   5%          3    N/A

Your spell library contained the following spells:

 Spells                   Type           Power        Failure   Level  Hunger
 Regeneration             Chrm/Necr      ##........   16%         3    N/A
 Animate Dead             Necr           N/A          17%         4    N/A

Dungeon Overview and Level Annotations

Branches:
Dungeon (3/15)

Altars:


Innate Abilities, Weirdness & Mutations

You do not eat.
Your natural rate of healing is unusually fast.
You have razor-sharp teeth.
You have supernaturally acute eyesight. (SInv)
You can survive without breathing.


Message History

The orc wizard writhes in agony.
The orc wizard hits you but does no damage.
The orc hits you with a +3 hand axe.
The orc wizard points at you and mumbles some strange words.
The magic dart hits you! The orc wizard misses you.
There is a stone staircase leading up here.
The orc wizard hits you with a +0 dagger.
The orc hits you with a +3 hand axe.
You climb upwards.
There is a stone staircase leading down here.
The orc wizard hits you but does no damage.
The orc hits you with a +0 short sword.
* * * LOW HITPOINT WARNING * * *
The orc wizard barely misses you. The orc wizard casts a spell at you.
You feel yourself slow down.
The orc wizard gestures at you while chanting.
The magic dart hits you!
You die...

....##........#..###.......#
###.####.##................######
#..###...#.......##...†........
##...###.......................
###..##[######..>.............
####........# #................
###......)....# ####.......).....
#.)...........#####.......(....).
#######....>.oo.@.....#..........
#......o..#.##..#.(.#...###
#........##[###.#(.........
#.......###..##.(..<###.###
#.......# ##....#...# ##... #####
#.......# ####......###<... ....#
#.......###..........#.....
....###...........#...#..........
....##..###########...#..........


You could see an orc wizard and 2 orcs.

Vanquished Creatures
  An adder (D:2)
  A leopard gecko (D:2)
  7 orcs
  2 ball pythons (D:2)
  4 giant cockroaches
  7 goblins
  12 hobgoblins
  A quokka (D:3)
  2 bats (D:1)
  2 frilled lizards
  4 kobolds
  4 rats
47 creatures vanquished.

Notes
Turn   | Place    | Note
-------+----------+-------------------------------------------
     0 | D:1      | silenth the Vampire Necromancer began the quest for the
                  | Orb.
     0 | D:1      | Reached XP level 1. HP: 13/13 MP: 3/3
    93 | D:1      | Learned a level 1 spell: Animate Skeleton
   335 | D:1      | Reached XP level 2. HP: 19/19 MP: 1/5
   991 | D:2      | Reached skill level 5 in Necromancy
   991 | D:2      | Reached XP level 3. HP: 23/24 MP: 1/7
  1174 | D:2      | Learned a level 3 spell: Vampiric Draining
  1201 | D:2      | You fall into a shaft and drop 1 floor!
  1445 | D:2      | Reached skill level 3 in Spellcasting
  1788 | D:3      | Reached XP level 4. HP: 29/30 MP: 4/8
  1819 | D:2      | Killed from afar by an orc wizard

Levels and vault maps discovered:
D:1:      dpeg_arrival_simpleton_a, layout_loops_ring, hangedman_decor_push
D:2:      layout_rooms, minmay_misc_feat_alley
D:3:      layout_basic, gammafunk_temple_overflow_wave,
          chequers_ecumenical_altar_simple

Skill      XL: |  1  2  3 |
---------------+----------+-----
Necromancy     | 5 |  5.3
Spellcasting   | 3 |  3.1
Dodging        | |  2.1
Stealth        | |  3.0

Action                   |  1- 3 |  4- 6 || total
-------------------------+-------+-------++-------
Melee: Unarmed           |    17 |       ||    17
       Bite              |     1 |       ||     1
       Dagger            |     2 |       ||     2
 Cast: Pain              |    77 |     6 ||    83
       Animate Skeleton  |     8 |       ||     8
Armor: Robe              |     4 |     2 ||     6
Dodge: Dodged            |    33 |     5 ||    38

Table legend:
 A = Non-vault XP
 B = Vault XP
 C = Vault XP percentage of total XP
 D = Non-vault monster count
 E = Vault monster count
 F = Vault count percentage of total count
                 A         B        C        D         E       F
            +---------+---------+-------+---------+---------+-------
      Total |     101 |       0 |   0.0 |      47 |       0 |   0.0
            +---------+---------+-------+---------+---------+-------
        D:1 |      20 |       0 |   0.0 |      13 |       0 |   0.0
        D:2 |      55 |       0 |   0.0 |      22 |       0 |   0.0
        D:3 |      26 |       0 |   0.0 |      12 |       0 |   0.0
            +---------+---------+-------+---------+---------+-------
